 Dungeon Crawl Stone Soup version 0.17-a0-1914-gde4187c (webtiles) character file.

162 hexophile the Cudgeler (level 5, -11/50 HPs)
             Began as a Troll Fighter on Sept 26, 2015.
             Mangled by an orc warrior
             ... wielding a +0 battleaxe
              (21 damage)
             ... on level 3 of the Dungeon.
             The game lasted 00:03:00 (1947 turns).

hexophile the Cudgeler (Troll Fighter)              Turns: 1947, Time: 00:03:01

Health: -11/50     AC:  5    Str: 29    XL:     5   Next: 19%
Magic:  4/4        EV: 10    Int:  4    God:
Gold:   123        SH:  0    Dex: 10    Spells: 0 memorised, 4 levels left

rFire  . . .     SeeInvis .     q - +0 morningstar
rCold  . . .     Clarity  .     b - +0 robe
rNeg   . . .     SustAt   .     (no shield)
rPois  .         Gourm    +     (helmet restricted)
rElec  .         Spirit   .     (no cloak)
rCorr  .         Warding  .     (gloves unavailable)
rMut   .         Stasis   .     (boots unavailable)
MR     .....                    (no amulet)
Stlth  ..........               (no ring)
                                o - ring of loudness (curse)

@: mighty, not resistant to hostile enchantments, extremely unstealthy
A: unfitting armour, claws 3, fast metabolism 3, gourmand, regeneration 2,
shaggy fur 1, tough skin 2
a: no special abilities


You were on level 3 of the Dungeon.
You were full.

You visited 1 branch of the dungeon, and saw 3 of its levels.

You collected 123 gold pieces.


Innate Abilities, Weirdness & Mutations

You are too large for most types of armour.
You have claws for hands.
Your metabolism is lightning-fast.
You like to eat raw meat.
You heal very quickly.
You are covered in fur (AC +1).
You have very tough skin (AC +2).

Inventory:

Hand weapons
 a - a +0 flail
 q - a +0 morningstar (weapon)
Armour
 b - a +0 robe (worn)
Jewellery
 o - a cursed ring of loudness (left claw)
Scrolls
 c - 2 scrolls of teleportation {unknown}
 f - a scroll of amnesia {unknown}
 g - a scroll of blinking {unknown}
 j - 3 scrolls of recharging {unknown}
 n - a scroll of identify {unknown}
Potions
 h - a potion of lignification {unknown}
 k - a potion of flight {unknown}
 l - 2 potions of brilliance {unknown}
 m - a potion of curing {unknown}
 p - a potion of magic {unknown}
Comestibles
 e - 4 bread rations
 i - 3 fruits


You had 4 spell levels left.
You didn't know any spells.


   Skills:
 - Level 2.4 Fighting
 + Level 5.0 Maces & Flails
 - Level 2.4 Dodging
   Level 2.4 Shields

Dungeon Overview and Level Annotations

Branches:
Dungeon (3/15)

Altars:
Cheibriados
Trog

Vault maps used:
D:1:      ncdulo_watergridlock, minivault_4, minmay_misc_feat_five,
          minmay_distorted
D:2:      cheibriados_altar_1, first_bread, serial_forest,
          infiniplex_forest_straight_1, infiniplex_forest_side_room,
          infiniplex_forest_zigzag_1, infiniplex_forest_clump_small,
          infiniplex_forest_join, infiniplex_forest_clump_C,
          infiniplex_forest_clump_long, infiniplex_forest_lined_room_,
          kennysheep_generic_room_5
D:3:      tgw_trog, uniq_natasha

Vault maps used:
D:1:      ncdulo_watergridlock, minivault_4, minmay_misc_feat_five,
          minmay_distorted
D:2:      cheibriados_altar_1, first_bread, serial_forest,
          infiniplex_forest_straight_1, infiniplex_forest_side_room,
          infiniplex_forest_zigzag_1, infiniplex_forest_clump_small,
          infiniplex_forest_join, infiniplex_forest_clump_C,
          infiniplex_forest_clump_long, infiniplex_forest_lined_room_,
          kennysheep_generic_room_5
D:3:      tgw_trog, uniq_natasha
You       could see an orc warrior and 2 orcs.


Message History

The orc completely misses you.
You hit the orc but do no damage. The orc barely misses you.
You thump the orc! The orc closely misses you.
You closely miss the orc.
The orc priest mumbles some strange prayers to Beogh against you.
Pain shoots through your body! The orc barely misses you.
The orc priest mumbles some strange prayers to Beogh against you.
Something smites you!
There is a stone staircase leading down, spattered with blood here.
You sock the orc!
You kill the orc! 2 orcs come into view.
A giant cockroach comes into view.
You closely miss the orc.
The orc shouts! x2
The orc closely misses you.
An orc comes into view.
You sock the orc!
You kill the orc!
You hit the orc. The orc hits you.
The orc priest calls upon Beogh to heal the orc.
The orc's wounds heal themselves!
The orc barely misses you.
You sock the orc!
You kill the orc!
The orc priest barely misses you.
You barely miss the orc priest. The orc priest closely misses you.
A giant newt comes into view.
You hit the orc priest.
You hit the orc priest but do no damage.
The orc priest miscasts a cantrip.
The orc priest hits you but does no damage.
You thump the orc priest!
You kill the orc priest!
You have reached level 5!
The giant cockroach barely misses you.
You hit the giant cockroach. The giant cockroach barely misses you.
You sock the giant cockroach!
You kill the giant cockroach!
Your Maces & Flails skill increases to level 5!
You hit the giant newt.
The giant newt bites you but does no damage.
You sock the giant newt!
You kill the giant newt!
You hit the orc but do no damage. The orc barely misses you.
You closely miss the orc. The orc hits you but does no damage.
You barely miss the orc. The orc hits you with a falchion.
You barely miss the orc. The orc hits you with a falchion.
You closely miss the orc. The orc hits you but does no damage.
You hit the orc but do no damage. The orc barely misses you.
You hit the orc. The orc hits you with a falchion.
You closely miss the orc. The orc hits you but does no damage.
You hit the orc.
You kill the orc!
Items here: ))) [[ ††
q - a morningstar Wear which item? (? for menu, Esc to quit)
Okay, then.
Wield which item (- for none, * to show all)? (? for menu, Esc to quit)
q - a +0 morningstar (weapon)
You start resting.
Put on which piece of jewellery? (? for menu, Esc to quit)
Oops, that ring feels deathly cold.
o - a cursed ring of loudness (left claw)
There is a stone staircase leading down, spattered with blood here.
Things that are here:
a flail; an orc corpse An orc comes into view.
It is wielding a dagger.
The orc shouts!
The orc throws a tomahawk.
The tomahawk hits you.
You see here a tomahawk.
The orc throws a tomahawk.
The tomahawk hits you but does no damage.
You see here a tomahawk.
The orc barely misses you.
An orc warrior comes into view. It is wielding a battleaxe.
You completely miss the orc.
The orc warrior shouts!
You hear a shout!
You hear a shout!
The orc hits you with a dagger.
You barely miss the orc. The orc hits you but does no damage.
An orc comes into view.
You barely miss the orc. The orc hits you with a dagger.
You closely miss the orc. The orc hits you but does no damage.
You closely miss the orc warrior. The orc warrior barely misses you.
You barely miss the orc warrior. The orc warrior closely misses you.
You closely miss the orc warrior. The orc warrior misses you.
You barely miss the orc warrior.
The orc warrior hits you with a battleaxe!!
You hear a shout!
You hit the orc warrior.
The orc warrior hits you with a battleaxe!
* * * LOW HITPOINT WARNING * * *
You are too injured to fight recklessly!
You hit the orc warrior but do no damage.
The orc warrior barely misses you.
Drink which item? (? for menu, Esc to quit)
You feel very mighty all of a sudden.
You hit the orc warrior.
The orc warrior hits you with a battleaxe!!
You die...

Action                   |  1- 3 |  4- 6 || total
-------------------------+-------+-------++-------
Melee: Flail             |    91 |    71 ||   162
       Morningstar       |       |    11 ||    11
  Use: Potion            |       |     1 ||     1
 Stab: Sleeping          |     1 |       ||     1
  Eat: Chunk             |     9 |     6 ||    15
       Bread ration      |     1 |       ||     1

Notes
Turn   | Place    | Note
--------------------------------------------------------------
     0 | D:1      | hexophile the Troll Fighter began the quest for the Orb.
     0 | D:1      | Reached XP level 1. HP: 22/22 MP: 0/0
   362 | D:1      | Reached XP level 2. HP: 25/29 MP: 1/1
   673 | D:2      | Found a snail-covered altar of Cheibriados.
  1095 | D:2      | Reached skill level 3 in Maces & Flails
  1343 | D:3      | Reached XP level 3. HP: 34/36 MP: 2/2
  1491 | D:3      | Reached XP level 4. HP: 36/44 MP: 3/3
  1516 | D:3      | Noticed a moth of wrath
  1520 | D:3      | Found a bloodstained altar of Trog.
  1543 | D:3      | Reached skill level 4 in Maces & Flails
  1620 | D:3      | Noticed Natasha
  1635 | D:3      | Killed Natasha
  1848 | D:3      | Reached XP level 5. HP: 30/50 MP: 4/4
  1850 | D:3      | Reached skill level 5 in Maces & Flails
  1936 | D:3      | Noticed an orc warrior
  1944 | D:3      | HP: 8/50 [orc warrior/battleaxe (15)]
  1947 | D:3      | Mangled by an orc warrior

Table legend:
 A = Turns spent in this place as a percentage of turns spent in the entire game.
 B = Non-inter-level travel turns spent in this place as a percentage of non-inter-level travel turns spent in the entire game.
 C = Inter-level travel turns spent in this place as a percentage of turns spent in this place.
 D = Turns resting spent in this place as a percentage of non-inter-level travel turns spent in this place.
 E = Turns spent auto-exploring this place as a percentage of non-inter-level travel turns spent in this place.
 F = Non-inter-level travel turns spent in this place divided by the number of levels of this place that you've seen.
                   A       B       C       D       E      F
               +-------+-------+-------+-------+-------+----------------------
         Total | 100.0 | 100.0 |   0.3 |   2.2 |  11.9 | 215.0
       Dungeon | 100.0 | 100.0 |   0.3 |   2.2 |  11.9 | 215.0
               +-------+-------+-------+-------+-------+----------------------

Table legend:
 A = Kills in this place as a percentage of kills in entire the game.
 B = Kills by you in this place as a percentage of kills by you in the entire game.
 C = Kills by friends in this place as a percentage of kills by friends in the entire game.
 D = Other kills in this place as a percentage of other kills in the entire game.
 E = Experience gained in this place as a percentage of experience gained in the entire game.
 F = Experience gained in this place divided by the number of levels of this place that you have seen.
                   A       B       C       D       E      F
               +-------+-------+-------+-------+-------+----------------------
         Total | 100.0 | 100.0 |  -nan |  -nan | 100.0 |  77.3
       Dungeon | 100.0 | 100.0 |  -nan |  -nan | 100.0 |  77.3
               +-------+-------+-------+-------+-------+----------------------

Vanquished Creatures
  An orc priest (D:3)
  Natasha (D:3)
  6 adders (D:3)
  2 worms (D:3)
  2 giant geckos
  4 orcs (D:3)
  A bat (D:1)
  2 giant cockroaches (D:3)
  5 goblins
  2 hobgoblins (D:1)
  A jackal (D:2)
  4 kobolds
  A quokka (D:3)
  6 giant newts
  12 rats
50 creatures vanquished.
